 Dungeon Crawl Stone Soup version 0.28.0 (webtiles) character file.

Game seed: 13936791917576749638

55 horus123 the Sneak (level 3, -1/24 HPs)
             Began as an Octopode Warper on Feb 11, 2022.
             Slain by an adder (5 damage)
             ... on level 3 of the Dungeon.
             The game lasted 00:02:53 (1894 turns).

horus123 the Sneak (Octopode Warper)                Turns: 1894, Time: 00:02:54

Health: -1/24      AC:  1    Str: 10    XL:     3   Next: 93%
Magic:  6/6        EV: 13    Int: 17    God:
Gold:   37         SH:  0    Dex: 11    Spells: 4/6 levels left

rFire   . . .      SeeInvis +   a - +0 short sword
rCold   . . .      Faith    .   (no shield)
rNeg    . . .      Spirit   .   (helmet restricted)
rPois   .          Reflect  .   (no amulet)
rElec   .          Harm     .   f - ring of see invisible
rCorr   .          Rampage  .   (no ring)
Will    .....                   (no ring)
Stlth   ++++......              (no ring)
HPRegen 0.08/turn               (no ring)
MPRegen 0.10/turn               (no ring)
                                (no ring)
                                (no ring)

@: no status effects
A: almost no armour, amphibious, 8 rings, camouflage 1, gelatinous body 1,
(nimble swimmer 1), tentacles
a: no special abilities


You were on level 3 of the Dungeon.
You visited 1 branch of the dungeon, and saw 3 of its levels.

You collected 37 gold pieces.

Inventory:

Hand Weapons
 a - a +0 short sword (weapon)
Missiles
 c - 5 boomerangs of dispersal (quivered)
Jewellery
 f - a ring of see invisible (left tentacle)
Scrolls
 b - a scroll of blinking
 d - a scroll of teleportation
 j - a scroll of silence
 k - a scroll of vulnerability
 l - 3 scrolls of enchant weapon {unknown}
Potions
 e - a potion of attraction {unknown}
 g - 2 potions of heal wounds {unknown}
 h - 2 potions of curing {unknown}
 i - a potion of berserk rage {unknown}


   Skills:
 - Level 2.0 Fighting
 - Level 2.0 Short Blades
 - Level 1.0 Throwing
 - Level 2.3 Dodging
 - Level 4.5 Stealth
 + Level 2.3 Spellcasting
 - Level 3.0 Translocations


You had 4 spell levels left.
You knew the following spells:

 Your Spells              Type           Power      Damage    Failure   Level
a - Blink                 Tloc           24%        N/A       9%          2

Your spell library contained the following spells:

 Spells                   Type           Power      Damage    Failure   Level
 Gell's Gravitas          Tloc           12%        N/A       16%         3
 Lesser Beckoning         Tloc           12%        N/A       16%         3
 Teleport Other           Tloc           12%        N/A       16%         3
 Magic Dart               Conj           8%         1d3       19%         1
 Call Imp                 Summ           2%         N/A       28%         2
 Mephitic Cloud           Conj/Pois/Air  2%         N/A       50%         3
 Manifold Assault         Tloc           12%        N/A       83%         5


Dungeon Overview and Level Annotations

Branches:
Dungeon (3/15)

Altars:


Innate Abilities, Weirdness & Mutations

You cannot wear most types of armour.
You are amphibious.
You can wear up to eight rings at the same time.
Your skin changes colour to match your surroundings (Stealth+).
Your rubbery body absorbs attacks. (AC +1, EV +1)
((You are camouflaged when in or above water. (Stealth+)))
You have tentacles for arms and can constrict up to eight enemies at once.


Message History

No target in view!
You open the door.
An adder and a gnoll come into view.
A gnoll comes into view. It is wielding a +0 spear of venom.
Found an escape hatch in the floor.
A gnoll comes into view. It is wielding a +0 halberd.
There is an open door here.
The gnoll shouts! x2
A gnoll comes into view. It is wielding a +0 club.
The gnoll hits you with a +0 spear. The gnoll barely misses you.
There is an open door here.
The gnoll shouts!
You hit the adder. Your grab misses the adder.
The adder is heavily wounded.
The adder misses you.
The gnoll hits you from afar with a +0 spear.
The adder barely misses you.
You barely miss the adder. Your grab misses the adder.
You squeeze the adder, but do no damage.
The adder is heavily wounded.
The gnoll barely misses you. The adder bites you.
A ball python comes into view.
You closely miss the adder.
The ball python hisses angrily.
Your grab misses the adder.
The adder is heavily wounded.
The adder bites you. The gnoll misses you.
You hit the adder but do no damage. Your grab misses the adder.
Your squeeze misses the adder.
The adder is heavily wounded.
The adder completely misses you. The gnoll misses you.
The gnoll hits you from afar with a +0 halberd!
* * * LOW HITPOINT WARNING * * *
The adder barely misses you.
Okay, then.
You miss the adder. Your grab misses the adder.
The adder is heavily wounded.
The adder bites you.
You die...

.........# #+##.#
##. .....>...
.#.##.###....
.........
#.#.##.<....
.......
#.#.##...# .....#
#.#...<..#
##...###.#...>..#
#....+........#.#
#..gg###.#......#
#...g'S@.#.....##
#....##...######
........++...#
........##...#
...##.##.+...#
... #. .#...# +#
#. .#.... #.
.+..... #.....


You could see 3 gnolls and an adder.

Vanquished Creatures
  An adder (D:2)
  A worm (D:2)
  An endoplasm (D:2)
  A giant cockroach (D:2)
  4 goblins
  8 hobgoblins
  5 bats
  3 frilled lizards
  3 kobolds (D:2)
  6 rats
33 creatures vanquished.

Vanquished Creatures (collateral kills)
  An adder (D:2)
1 creature vanquished.

Grand Total: 34 creatures vanquished

Notes
Turn   | Place    | Note
-------+----------+-------------------------------------------
     0 | D:1      | horus123 the Octopode Warper began the quest for the Orb.
     0 | D:1      | Reached XP level 1. HP: 14/14 MP: 3/3
    57 | D:1      | Reached skill level 1 in Stealth
   206 | D:1      | Reached skill level 2 in Stealth
   208 | D:1      | Reached XP level 2. HP: 4/19 MP: 5/5
   453 | D:1      | Learned a level 2 spell: Blink
   957 | D:1      | Found a faded altar of an unknown god.
  1039 | D:2      | Reached skill level 3 in Stealth
  1203 | D:2      | Reached XP level 3. HP: 24/24 MP: 6/6
  1231 | D:2      | Reached skill level 4 in Stealth
  1894 | D:3      | Slain by an adder

Illustrated notes

Levels and vault maps discovered:
D:1:      co_arrival_square_in_a_square_in_a_square, layout_basic,
          dreamdust_ecumenical_altar_sealed_demon
D:2:      layout_basic
D:3:      layout_basic, minmay_misc_feat_x, corexii_corridor_pit

Skill      XL: |  1  2  3 |
---------------+----------+-----
Stealth        | 2 3 4 |  4.5
Fighting       | |  2.0
Short Blades   | |  2.0
Throwing       | |  1.0
Dodging        | |  2.3
Spellcasting   | |  2.3
Translocations | |  3.0

Action                   || total
-------------------------++-------
Melee: Short sword       ||    74
       Constrict         ||    17
       Tentacles         ||    14
       Punch             ||     1
  Use: Scroll            ||     6
       Potion            ||     1
 Stab: Sleeping          ||    11
Armor: Skin              ||    10
Dodge: Dodged            ||    52
